 Dungeon Crawl Stone Soup version 0.27-a0-909-g0721f309d1 (webtiles) character file.

Game seed: 4658751997633564191

200056 jasper the Warrior (level 17, -1/161 HPs)
             Began as a Demonspawn Artificer on Apr 9, 2021.
             Was a High Priest of Ashenzari.
             Slain by a five-headed hydra (16 damage)
             ... on level 4 of the Swamp.
             The game lasted 01:00:24 (31957 turns).

jasper the Warrior (Demonspawn Artificer)          Turns: 31957, Time: 01:00:25

Health: -1/161     AC: 22    Str: 22    XL:     17   Next: 86%
Magic:  17/17      EV: 22    Int: 10    God:    Ashenzari [*****.]
Gold:   3372       SH: 15    Dex: 17    Spells: 13/17 levels left

rFire    + + .     SeeInvis +   i - +1 morningstar "Share My Vision" {freeze, Alch, Self} (curse)
rCold    + . .     Faith    .   t - +0 kite shield of Ashenzari's Jealousy {Fort, Comp} (curse)
rNeg     + . .     Spirit   .   q - quicksilver dragon scales of the Fated Omen {Will+, Fort, Melee} (curse)
rPois    +         Reflect  .   (helmet restricted)
rElec    +         Harm     .   o - scarf "Levity of Ashenzari" {rC+ rF+, Evo, Cun} (curse)
rCorr    .         Rampage  .   l - +1 pair of gloves "Enlightened Sorrow" {rPois Slay+2, Self, Cun} (curse)
Will     ++++.     Clarity  +   (no boots)
Stlth    ++........             S - necklace of Bloodlust {*Rage +Rage Will++ Int-3 Slay+6, Melee, Cun} (curse)
HPRegen  1.36/turn              r - ring "Stellar Seeker" {Contam +Inv rElec Str+6 SInv, Melee, Cun} (curse)
MPRegen  0.15/turn              H - ring "Share My Inconvenience" {rN+, Fort, Evo} (curse)

@: studying 2 skills
A: antennae 2, rugged brown scales 3, fire resistance 1, powered by death 2,
demonic magic 3
}: 1/15 runes: gossamer
a: Renounce Religion, Evoke Berserk Rage, Evoke Invisibility, Curse Item,
Shatter the Chains


You were on level 4 of the Swamp.
You worshipped Ashenzari.
Ashenzari was extremely pleased with you.
You visited 5 branches of the dungeon, and saw 31 of its levels.
You also visited: Gauntlet, Ice Cave and Volcano.

You collected 4922 gold pieces.
You spent 1550 gold pieces at shops.

Inventory:

Hand Weapons
 g - a +2 eveningstar of protection
 i - the cursed +1 morningstar "Share My Vision" (weapon) {freeze, Alch, Self}
   (You acquired it on level 3 of the Dungeon)

   It has been specially enchanted to freeze those struck by it, causing extra
   injury to most foes and up to half again as much damage against particularly
   susceptible opponents.
   It can also slow down cold-blooded creatures.
   It has a curse which improves the following skills: Alchemy: Poison Magic and
   Transmutations.
   Introspection: Fighting and Spellcasting.
 k - a +6 eveningstar of holy wrath
Missiles
 e - 4 curare-tipped darts
 u - 18 boomerangs (quivered)
 K - 4 throwing nets
Armour
 l - the cursed +1 pair of gloves "Enlightened Sorrow" (worn) {rPois Slay+2, Self, Cun}
   (You found it on level 11 of the Dungeon)

   It affects your accuracy and damage with ranged weapons and melee attacks
   (+2).
   It protects you from poison.
   It has a curse which improves the following skills: Introspection: Fighting
   and Spellcasting.
   Cunning:   Dodging and Stealth.
 o - the cursed scarf "Levity of Ashenzari" (worn) {rC+ rF+, Evo, Cun}
   (You found it on level 3 of the Dungeon)

   It has a curse which improves the following skills: Evocations: Evocations.
   Cunning:   Dodging and Stealth.
 q - the cursed quicksilver dragon scales of the Fated Omen (worn) {Will+, Fort, Melee}
   (You acquired it on level 3 of the Dungeon)

   It increases your willpower.
   It has a curse which improves the following skills: Fortitude: Armour and
   Shields.
   Melee Combat: Short Blades, Long Blades, Axes, Maces & Flails, Polearms,
   Staves and Unarmed Combat.
 t - the cursed +0 kite shield of Ashenzari's Jealousy (worn) {Fort, Comp}
   (You took it off a gnoll sergeant on level 7 of the Dungeon)

   It has a curse which improves the following skills: Fortitude: Armour and
   Shields.
   Companions: Summonings and Necromancy.
 L - a +0 tower shield
 Q - a +0 kite shield of reflection
Jewellery
 b - a ring of fire
 r - the cursed ring "Stellar Seeker" (left hand) {Contam +Inv rElec Str+6 SInv, Melee, Cun}
   (You acquired it on level 3 of the Dungeon)

   [ring of strength]

   It affects your strength (+6).
   It insulates you from electricity.
   It lets you see invisible.
   It lets you turn invisible.
   It causes magical contamination when unequipped.
   It has a curse which improves the following skills: Melee Combat: Short
   Blades, Long Blades, Axes, Maces & Flails, Polearms, Staves and Unarmed
   Combat.
   Cunning:   Dodging and Stealth.
 B - a ring of resist corrosion
 H - the cursed ring "Share My Inconvenience" (right hand) {rN+, Fort, Evo}
   (You found it on level 9 of the Dungeon)

   [ring of positive energy]

   It protects you from negative energy.
   It has a curse which improves the following skills: Fortitude: Armour and
   Shields.
   Evocations: Evocations.
 J - the ring of Shadows {Umbra +Inv Stlth+}
   (You found it on level 8 of the Dungeon)

   [ring of stealth]

   It lets you turn invisible.
   It makes you more stealthy.
 S - the cursed necklace of Bloodlust (around neck) {*Rage +Rage Will++ Int-3 Slay+6, Melee, Cun}
   (You found it on level 2 of the Lair of Beasts)

   [amulet of nothing]

   It affects your intelligence (-3).
   It affects your accuracy and damage with ranged weapons and melee attacks
   (+6).
   It lets you go berserk.
   It may make you go berserk in combat.
   It greatly increases your willpower.
   It has a curse which improves the following skills: Melee Combat: Short
   Blades, Long Blades, Axes, Maces & Flails, Polearms, Staves and Unarmed
   Combat.
   Cunning:   Dodging and Stealth.
 X - the ring of Omnuluw {rC+ Will+ AC+4 Str-4 Int+4}
   (You found it on level 3 of the Lair of Beasts)

   [ring of protection]

   It affects your AC (+4).
   It affects your strength (-4).
   It affects your intelligence (+4).
   It protects you from cold.
   It increases your willpower.
 Z - a +6 ring of strength
Wands
 a - a wand of paralysis (15)
 d - a wand of charming (26)
 h - a wand of mindburst (5)
 j - a wand of iceblast (20)
 y - a wand of digging (5)
 A - a wand of polymorph (31)
 R - a wand of flame (68)
 W - a wand of acid (8)
Scrolls
 p - 10 scrolls of vulnerability
 s - 5 scrolls of magic mapping
 v - 10 scrolls of enchant weapon
 x - 4 scrolls of fog
 z - 2 scrolls of silence
 C - 10 scrolls of teleportation
 D - 6 scrolls of enchant armour
 N - a scroll of blinking
 O - 5 scrolls of fear
 V - a scroll of immolation
Potions
 f - 9 potions of haste
 m - 4 potions of flight
 w - 4 potions of cancellation
 E - a potion of invisibility
 F - 3 potions of heal wounds
 G - 8 potions of resistance
 I - 2 potions of mutation
 M - 4 potions of ambrosia
 U - 8 potions of curing
 Y - a potion of lignification
Miscellaneous
 c - a phial of floods
 n - a lightning rod (inert)
 T - a condenser vane (inert)


   Skills:
 + Level 15.1(18.6) Fighting
 - Level 11.5(16.3) Maces & Flails
 + Level 13.5(18.3) Armour
 + Level 13.4(19.2) Dodging
 - Level 0.8(3.8) Stealth
 - Level 11.8(16.6) Shields
 + Level 14.2(17.7) Evocations


You had 13 spell levels left.
You knew the following spells:

 Your Spells              Type           Power      Damage    Failure   Level
a - Passwall              Tmut/Erth      0%         N/A       56%         2
b - Swiftness             Air            0%         N/A       58%         2

Your spell library contained the following spells:

 Spells                   Type           Power      Damage    Failure   Level
 Animate Skeleton         Necr           2%         N/A       38%         1
 Summon Small Mammal      Summ           4%         N/A       38%         1
 Corona                   Hex            0%         N/A       43%         1
 Sandblast                Erth           0%         2d4       43%         1
 Shock                    Conj/Air       0%         1d3       43%         1
 Call Imp                 Summ           1%         N/A       52%         2
 Sublimation of Blood     Necr           0%         N/A       52%         2
 Slow                     Hex            0%         N/A       58%         2
 Call Canine Familiar     Summ           1%         N/A       77%         3
 Ignite Poison            Fire/Tmut/Pois 0%         N/A       78%         3
 Summon Guardian Golem    Hex/Summ       0%         N/A       80%         3
 Inner Flame              Hex/Fire       0%         N/A       82%         3
 Portal Projectile        Hex/Tloc       0%         N/A       82%         3
 Static Discharge         Conj/Air       0%         N/A       82%         3
 Stone Arrow              Conj/Erth      0%         3d7       82%         3
 Airstrike                Air            0%         N/A       99%         4
 Cause Fear               Hex            0%         N/A       99%         4
 Leda's Liquefaction      Hex/Erth       0%         N/A       99%         4
 Petrify                  Tmut/Erth      0%         N/A       99%         4
 Summon Ice Beast         Ice/Summ       0%         N/A       99%         4
 Summon Lightning Spire   Summ/Air       0%         N/A       99%         4
 Alistair's Intoxication  Tmut/Pois      0%         N/A       100%        5
 Fireball                 Conj/Fire      0%         3d3       100%        5
 Irradiate                Conj/Tmut      0%         3d13      100%        5
 Lee's Rapid Deconstruct  Erth           0%         3d5*      100%        5
 Lightning Bolt           Conj/Air       0%         1d11      100%        5
 Blade Hands              Tmut           0%         N/A       100%        6
 Eringya's Noxious Bog    Tmut/Pois      0%         N/A       100%        6
 Freezing Cloud           Conj/Ice/Air   0%         6-21      100%        6
 Starburst                Conj/Fire      0%         8x6d3     100%        6
 Statue Form              Tmut/Erth      0%         N/A       100%        6
 Dragon Form              Tmut           0%         N/A       100%        7
 Orb of Destruction       Conj           0%         N/A       100%        7
 Ignition                 Fire           0%         3d3       100%        8


Dungeon Overview and Level Annotations

Branches:
Dungeon (15/15)            Temple (0/1) D:4            Lair (6/6) D:11
  Swamp (4/4) Lair:3       Spider (4/4) Lair:3        Slime (0/5) Lair:5
    Orc (2/2) D:12            Elf (0/3) Orc:2        Vaults (0/5) D:14
 Depths (0/5) D:15          IceCv (visited)         Volcano (visited)
Gauntlet (visited)

Altars:
Ashenzari
Cheibriados
Dithmenos
Gozag
Makhleb
Jiyva

Shops:
D:7 *   D:9 *   D:10 =   Orc:2 [*=[(

Portals:
Hell: Lair:6

Annotations:
D:11 2 runed translucent doors
Lair:3 exclusion: 2 oklob plants


Innate Abilities, Weirdness & Mutations

You have a pair of antennae on your head.
You are completely covered in rugged brown scales. (AC +3, +7% HP)
Your flesh is heat resistant. (rF+)
You regenerate health from kills.
Spells you cast and wands you use may paralyse nearby enemies.


Message History

The alligator barely misses you. You block the alligator's attack.
The five-headed hydra is engulfed in blazing flames.
The five-headed hydra completely misses you.
The five-headed hydra bites you!
* * * LOW HITPOINT WARNING * * *
The five-headed hydra bites you but does no damage.
You block the five-headed hydra's attack. x2
The eleionoma is engulfed in blazing flames.
The eleionoma hurls a spray of splinters at you.
The spray of wooden splinters misses you.
You take 14 damage, and have 5/161 hp.
You feel much better.
The goliath frog is engulfed in blazing flames.
The goliath frog closely misses you.
The alligator is engulfed in blazing flames.
The alligator bites you!
* * * LOW HITPOINT WARNING * * *
You block the alligator's attack.
The five-headed hydra is engulfed in blazing flames.
The five-headed hydra bites you but does no damage.
The five-headed hydra misses you.
The five-headed hydra bites you but does no damage.
You block the five-headed hydra's attack. x2
The eleionoma is engulfed in blazing flames.
The eleionoma closely misses you.
You regained 8 hp, and now have 13/161 hp.
The goliath frog is engulfed in blazing flames.
The alligator is engulfed in blazing flames.
The alligator puts on a burst of speed!
The five-headed hydra is engulfed in blazing flames.
The eleionoma is engulfed in blazing flames.
The goliath frog is engulfed in blazing flames.
You kill the goliath frog!
The alligator is engulfed in blazing flames. x2
A swamp worm simulacrum comes into view.
The alligator closely misses you. The alligator misses you.
There is a stone staircase leading up here.
You block the five-headed hydra's attack. x2
The five-headed hydra bites you!
You die...

≈≈,,≈,,,,,≈≈)♣♣♣♣♣♣♣♣♣≈..♣♣♣♣♣♣
≈,,≈,,*,≈,≈≈≈≈♣≈.≈≈.≈.≈≈≈.≈≈≈.♣♣♣
≈≈,*,**≈.≈§≈≈.≈..≈≈≈..≈≈≈.≈≈≈≈.♣♣
***,,.♣♣♣..,*♣.[.≈≈.≈..≈♣♣≈..≈≈.♣
**,,.....≈**♣.≈≈.≈≈≈≈≈.♣♣...≈≈.♣
**,**≈≈..≈{♣♣♣.§≈.≈≈≈≈≈.♣≈≈≈.≈≈§≈
*,***♣..≈≈!≈♣♣§≈.≈.≈≈≈≈.♣.≈.♣≈≈≈.
,****..≈≈≈§Z♣§§t♣≈....<≈♣....♣♣≈≈
***≈≈..≈≈≈≈§§§.D@.≈.♣♣..≈≈≈....≈.
* *,≈≈.≈≈≈≈§§§♣R.≈≈≈≈≈.≈≈≈≈≈♣≈).≈
***≈≈≈.)≈≈≈§≈§≈≈.....≈.§≈≈≈≈....≈
≈*≈≈≈≈≈≈≈≈§..§♣♣♣...♣♣♣♣≈≈≈≈≈♣♣..
≈≈,≈≈≈≈≈≈≈≈≈.♣♣♣≈.≈≈♣ ♣♣♣..♣♣♣≈♣
≈*,≈≈..≈≈§..♣♣≈♣♣...♣ ♣≈...♣♣♣≈
,,,,,≈§.....*,,,♣♣♣♣♣ ♣♣♣♣♣♣ *♣
,,,≈≈..≈...≈,,≈≈≈,* ****** *
****,....≈..,≈,,≈** **≈≈,,*


You could see an eleionoma, an alligator (swift), a five-headed hydra (strong)
and a swamp worm simulacrum.

Vanquished Creatures
  Bai Suzhen (Spider:4)
  Rupert (D:14)
  Donald (Orc:1)
  Louise (Swamp:1)
  3 ghost moths (Spider:4)
  An orc warlord (Orc:1)
  6 emperor scorpions (Spider:4)
  A quicksilver ooze (Gauntlet)
  Nessos (D:15)
  Azrael (Spider:3)
  A minotaur (Gauntlet)
  An entropy weaver (Spider:3)
  2 bunyips
  The ghost of mhtbhm the Bludgeoner, a journeyman GrBe of Trog (D:13)
  2 spark wasps (Spider:3)
  4 eleionomae
  An ettin (Orc:1)
  3 ogre magi
  2 boulder beetles
  2 centaur warriors
  16 hydras
  2 catoblepae
  2 tengu warriors (D:15)
  13 two-headed ogres
  2 orc high priests
  9 death yaks (Lair:6)
  4 alligators
  2 thrashing horrors (Gauntlet)
  A hell knight (Volcano)
  A sixfirhy (Lair:6)
  4 spriggans
  A spriggan druid (Swamp:4)
  4 bog bodies
  An orange crystal statue (Gauntlet)
  2 goliath frogs
  2 swamp dragons (Swamp:4)
  4 wizards
  2 necromancers
  6 orc sorcerers
  3 deep elf pyromancers
  A deep elf zephyrmancer (D:15)
  4 orc knights
  2 lindwurms (Lair:3)
  27 wolf spiders
  2 manticores
  10 orb spiders
  16 ugly things
  9 cyclopes
  13 elephants
  10 black mambas
  A gargoyle (D:13)
  2 ice statues (IceCv)
  2 torpor snails
  A smoke demon (Lair:6)
  A naga mage (D:15)
  An orange demon (Lair:6)
  21 cane toads
  9 demonic crawlers
  6 rime drakes
  4 yaktaurs (Volcano)
  An efreet (D:13)
  12 komodo dragons
  A kobold demonologist (D:9)
  17 ice devils
  A freezing wraith (D:11)
  A meliai (D:11)
  A wolf spider simulacrum (D:14)
  2 polar bears
  8 blink frogs
  19 jumping spiders
  5 trolls
  11 slime creatures
  4 tyrant leeches
  6 hornets
  11 dream sheep
  2 shadows (D:11)
  A vampire (D:11)
  56 redbacks
  35 yaks
  4 wyverns
  3 wraiths
  21 tarantellas
  3 fire elementals (Spider:3)
  5 basilisks
  16 humans (D:14)
  3 vampire mosquitoes (D:14)
  6 wargs
  8 swamp worms
  27 water moccasins
  2 acid dragons
  8 hell hounds
  A sky beast (D:6)
  A hornet zombie (D:15)
  30 orc warriors
  An ice beast (D:7)
  3 black bears
  A meliai simulacrum (D:15)
  A swamp drake (Swamp:1)
  16 ogres
  A necrophage (D:6)
  23 wolves
  6 centaurs
  2 phantoms
  A kobold brigand (D:10)
  Blork the orc (D:5)
  22 bullfrogs
  2 small abominations (Gauntlet)
  4 gnoll sergeants
  3 scorpions
  A wyvern skeleton (D:7)
  A hornet simulacrum (D:15)
  6 killer bees (D:9)
  5 electric eels
  7 howler monkeys
  The ghost of mojowtm the Conjurer, a weakling DECj of Cheibriados (D:3)
  4 centaur zombies
  A draconian simulacrum (IceCv)
  3 hounds (D:7)
  2 jellies
  16 orc priests
  2 iguanas (D:5)
  3 iron imps (D:7)
  A bullfrog skeleton (D:4)
  4 centaur skeletons
  2 gnoll shamans (D:7)
  7 hell rats (Lair:1)
  28 orc wizards
  2 troll simulacra (IceCv)
  2 spriggan simulacra (IceCv)
  2 centaur simulacra (IceCv)
  14 gnolls
  2 naga simulacra (IceCv)
  7 adders
  An ogre simulacrum (IceCv)
  2 shadow imps (Gauntlet)
  5 white imps
  A worm (D:2)
  2 dart slugs (D:2)
  57 orcs
  7 ball pythons
  6 endoplasms
  4 giant cockroaches
  10 goblins
  13 hobgoblins
  3 jackals (D:2)
  2 quokkas (D:2)
  5 bats
  5 frilled lizards
  20 kobolds
  5 rats
  A bush (Lair:3)
950 creatures vanquished.

Vanquished Creatures (collateral kills)
  An ogre (D:5)
1 creature vanquished.

Vanquished Creatures (others)
  Nikola (Swamp:2)
  A tengu conjurer (D:15)
  40 fungi
  117 plants
159 creatures vanquished.

Grand Total: 1110 creatures vanquished

Notes
Turn   | Place    | Note
-------+----------+-------------------------------------------
     0 | D:1      | jasper the Demonspawn Artificer began the quest for the
                  | Orb.
     0 | D:1      | Reached XP level 1. HP: 15/15 MP: 1/1
    89 | D:1      | Reached skill level 2 in Fighting
    89 | D:1      | Gained mutation: You regenerate a little health from kills.
                  | [demonic ancestry]
    89 | D:1      | Reached XP level 2. HP: 23/23 MP: 2/2
   527 | D:1      | Reached skill level 3 in Fighting
   563 | D:1      | Gained mutation: You are partially covered in rugged brown
                  | scales. (AC +1, +3% HP) [demonic ancestry]
   563 | D:1      | Reached XP level 3. HP: 24/29 MP: 3/3
  1606 | D:2      | Learned a level 2 spell: Passwall
  1746 | D:2      | Reached XP level 4. HP: 37/38 MP: 4/4
  2117 | D:3      | Noticed mojowtm's ghost (weakling DECj)
  2130 | D:3      | Reached skill level 4 in Fighting
  2194 | D:3      | Found a runed translucent gate.
  2194 | D:3      | Found a runed translucent gate.
  2194 | D:3      | Found a runed translucent gate.
  3123 | D:3      | Found a broken altar of Ashenzari.
  3142 | D:3      | Became a worshipper of Ashenzari the Shackled
  3142 | D:3      | Identified 3 scrolls of acquirement
  3472 | D:3      | Acquired quicksilver dragon scales
  3473 | D:3      | Acquired a +1 morningstar of freezing
  3474 | D:3      | Acquired the ring "Imomela" {Contam +Inv rElec Str+6 SInv}
  3563 | D:3      | Killed mojowtm's ghost
  3564 | D:3      | Reached skill level 5 in Fighting
  3564 | D:3      | Gained mutation: You have a pair of small antennae on your
                  | head. [demonic ancestry]
  3564 | D:3      | Reached XP level 5. HP: 44/45 MP: 5/5
  3709 | D:4      | Reached skill level 1 in Maces & Flails
  3788 | D:4      | Noticed a phantom
  3810 | D:4      | Killed a phantom
  4005 | D:4      | Gained mutation: You have a pair of antennae on your head.
                  | [demonic ancestry]
  4005 | D:4      | Reached XP level 6. HP: 52/52 MP: 6/6
  4049 | D:4      | Found a staircase to the Ecumenical Temple.
  4293 | D:5      | Entered Level 5 of the Dungeon
  4293 | D:5      | Found a shadowy altar of Dithmenos.
  4314 | D:5      | Noticed a water moccasin
  4326 | D:5      | Killed a water moccasin
  4408 | D:5      | Reached skill level 5 in Maces & Flails
  4408 | D:5      | Reached XP level 7. HP: 31/57 MP: 7/7
  4552 | D:5      | Noticed Blork the orc
  4559 | D:5      | Killed Blork the orc
  4794 | D:5      | Reached * piety under Ashenzari
  5275 | D:6      | Reached XP level 8. HP: 62/63 MP: 8/8
  5471 | D:6      | Reached ** piety under Ashenzari
  7074 | D:7      | Found Esaj's Assorted Antiques.
  7299 | D:7      | Bought a coppery potion for 26 gold pieces
  7299 | D:7      | Bought a scroll of teleportation for 87 gold pieces
  7299 | D:7      | Bought a bubbling grey potion for 26 gold pieces
  7299 | D:7      | Bought a bone wand for 116 gold pieces
  7543 | D:7      | Found a burning altar of Makhleb.
  7554 | D:7      | Reached XP level 9. HP: 73/73 MP: 9/9
  7692 | D:7      | Reached skill level 10 in Maces & Flails
  7699 | D:7      | Reached *** piety under Ashenzari
  8363 | D:8      | Found the ring of Shadows {Umbra +Inv Stlth+}
  8820 | D:8      | Learned a level 2 spell: Swiftness
  9055 | D:8      | Reached skill level 1 in Dodging
  9250 | D:9      | Reached skill level 1 in Shields
  9444 | D:9      | Gained mutation: Spells you cast may paralyse adjacent
                  | enemies. [demonic ancestry]
  9444 | D:9      | Reached XP level 10. HP: 47/83 MP: 10/10
  9753 | D:9      | Noticed a rust devil
  9868 | D:9      | Reached **** piety under Ashenzari
  9958 | D:9      | Found Wyrphaomm's Lightly-Used Armoury.
  9966 | D:9      | Bought a -1 demon whip for 120 gold pieces
 10350 | D:10     | Entered Level 10 of the Dungeon
 10350 | D:10     | Found a snail-covered altar of Cheibriados.
 10383 | D:10     | Reached skill level 6 in Fighting
 10443 | D:10     | Noticed a two-headed ogre
 10476 | D:10     | Killed a two-headed ogre
 10569 | D:10     | Noticed a two-headed ogre
 10584 | D:10     | Killed a two-headed ogre
 10585 | D:10     | Reached skill level 5 in Evocations
 10952 | D:10     | Found Yzadux's Jewellery Shop.
 10956 | D:10     | Bought a ring of poison resistance for 300 gold pieces
 11012 | D:11     | Found a large runed translucent door.
 11013 | D:11     | Identified the Tome of Ghastly Attacks
 11013 | D:11     | Found a large runed translucent door.
 11017 | D:11     | Found a large runed translucent door.
 11017 | D:11     | Found a large runed translucent door.
 11018 | D:11     | Noticed a seven-headed hydra
 11019 | D:11     | Identified the amulet of Xeptuts {RegenMP Will+}
 11044 | D:11     | Noticed a cyclops
 11056 | D:11     | Killed a cyclops
 11411 | D:11     | Gained mutation: You are mostly covered in rugged brown
                  | scales. (AC +2, +5% HP) [demonic ancestry]
 11411 | D:11     | Reached XP level 11. HP: 80/96 MP: 11/11
 11549 | D:11     | Noticed a two-headed ogre
 11560 | D:11     | Killed a two-headed ogre
 11790 | D:11     | Found a staircase to the Lair.
 11810 | Lair:1   | Entered Level 1 of the Lair of Beasts
 11850 | Lair:1   | Reached skill level 7 in Fighting
 11893 | Lair:1   | Noticed an eight-headed hydra
 11902 | Lair:1   | Killed an eight-headed hydra
 12304 | Lair:1   | Reached skill level 5 in Armour
 12781 | Lair:1   | Reached skill level 5 in Dodging
 12957 | Lair:2   | Reached skill level 5 in Shields
 13383 | Lair:2   | Reached skill level 8 in Fighting
 13872 | Lair:2   | Noticed an eight-headed hydra
 13883 | Lair:2   | Killed an eight-headed hydra
 13884 | Lair:2   | Gained mutation: You regenerate health from kills. [demonic
                  | ancestry]
 13884 | Lair:2   | Reached XP level 12. HP: 81/102 MP: 12/12
 13886 | Lair:2   | Noticed a seven-headed hydra
 13888 | Lair:2   | Found the necklace of Bloodlust {*Rage +Rage Will++ Int-3
                  | Slay+6}
 13898 | Lair:2   | Killed a seven-headed hydra
 14047 | Lair:2   | Noticed a catoblepas
 14053 | Lair:2   | Noticed a five-headed hydra
 14067 | Lair:2   | Killed a catoblepas
 14078 | Lair:2   | Killed a five-headed hydra
 14657 | Lair:3   | Reached skill level 9 in Fighting
 14708 | Lair:3   | Noticed a catoblepas
 14736 | Lair:3   | Killed a catoblepas
 14825 | Lair:3   | Found a staircase to the Swamp.
 14935 | Lair:3   | Found a hole to the Spider Nest.
 14959 | Lair:3   | Noticed an eight-headed hydra
 14967 | Lair:3   | Killed an eight-headed hydra
 15500 | Lair:3   | Gained mutation: Spells you cast may paralyse nearby
                  | enemies. [demonic ancestry]
 15500 | Lair:3   | Reached XP level 13. HP: 105/112 MP: 13/13
 15735 | Lair:3   | Identified the ring of Omnuluw {rC+ Will+ AC+4 Str-4 Int+4}
 15940 | Lair:4   | Reached skill level 10 in Fighting
 16147 | Lair:4   | Identified the +3 great sword "Symmorgh" {freeze, Str+2
                  | Dex+4 SInv}
 16643 | Lair:5   | Found a dark tunnel.
 16693 | Volcano  | Entered a volcano
 16712 | Volcano  | Found a burning altar of Makhleb.
 17427 | Lair:5   | Reached skill level 10 in Evocations
 17606 | Lair:5   | Found a staircase to the Slime Pits.
 17607 | Lair:5   | Found a viscous altar of Jiyva.
 17829 | Lair:6   | Entered Level 6 of the Lair of Beasts
 17874 | Lair:6   | Reached skill level 11 in Fighting
 17935 | Lair:6   | Found a gate leading to a gauntlet.
 17938 | Lair:6   | Identified the +6 dagger of Oozing Pus {vorpal, Stlth+}
 17944 | Gauntlet | Entered a Gauntlet
 17944 | Gauntlet | Found a transporter.
 17954 | Gauntlet | Found a transporter.
 17956 | Gauntlet | Identified the ring "Cieb" {Will+ AC+4}
 17956 | Gauntlet | Found a transporter.
 17957 | Gauntlet | Found a transporter.
 17965 | Gauntlet | Found a transporter.
 17968 | Gauntlet | Found a transporter.
 17969 | Gauntlet | Found a transporter.
 17973 | Gauntlet | Found a runed translucent door.
 17977 | Gauntlet | Found a transporter.
 17980 | Gauntlet | Found a transporter.
 17981 | Gauntlet | Found a transporter.
 17984 | Gauntlet | Noticed a quicksilver ooze
 17989 | Gauntlet | Identified the +1 plate armour of Eternal Vigilance {rN++
                  | Int-2 Dex+3}
 17989 | Gauntlet | Found a runed translucent door.
 17992 | Gauntlet | Found a transporter.
 17993 | Gauntlet | Found a transporter.
 17993 | Gauntlet | Found a transporter.
 18001 | Gauntlet | Found a transporter.
 18026 | Gauntlet | Found a runed translucent door.
 18093 | Gauntlet | Gained mutation: Spells you cast and wands you use may
                  | paralyse nearby enemies. [demonic ancestry]
 18093 | Gauntlet | Reached XP level 14. HP: 123/123 MP: 14/14
 18435 | Gauntlet | Killed a quicksilver ooze
 18659 | Gauntlet | Identified the +11 rapier of Conflict {vorpal, +Inv rN+
                  | Will+}
 19090 | Lair:6   | Reached ***** piety under Ashenzari
 19098 | Lair:6   | Found a burning altar of Makhleb.
 19180 | Lair:6   | Reached skill level 10 in Dodging
 19183 | Lair:6   | Found a gateway to Hell.
 19230 | Lair:6   | Reached skill level 10 in Shields
 19416 | Lair:6   | Reached skill level 12 in Fighting
 20130 | Spider:1 | Entered Level 1 of the Spider Nest
 20684 | Spider:1 | Identified the +1 chain mail of Hospitality {*Slow rPois
                  | Regen+}
 20708 | Spider:1 | Acquired a +2 eveningstar of protection
 20709 | Spider:1 | Acquired a manual of Armour
 20710 | Spider:1 | Acquired 499 gold pieces
 21000 | Spider:2 | Gained mutation: You are completely covered in rugged brown
                  | scales. (AC +3, +7% HP) [demonic ancestry]
 21000 | Spider:2 | Reached XP level 15. HP: 69/135 MP: 15/15
 21493 | D:11     | Identified the +1 pair of gloves of Ymoczihi {rPois Slay+2}
 22117 | D:12     | Found a staircase to the Orcish Mines.
 22709 | Orc:1    | Entered Level 1 of the Orcish Mines
 22954 | Orc:2    | Entered Level 2 of the Orcish Mines
 22958 | Orc:2    | Noticed an orc warlord
 22959 | Orc:2    | Found Oczeryr's Jewellery Shoppe.
 23015 | Orc:1    | Killed an orc warlord
 23273 | Orc:2    | Noticed Donald
 23559 | Orc:1    | Killed Donald
 23780 | Orc:2    | Found a staircase to the Elven Halls.
 23874 | Orc:2    | Found Ynaasesm's Antique Armour Shop.
 23874 | Orc:2    | Found Logilat's Antique Weapon Shop.
 24155 | Orc:2    | Found Kufrom's General Store.
 24163 | Orc:2    | Bought a condenser vane for 560 gold pieces
 24163 | Orc:2    | Bought a scroll of holy word for 105 gold pieces
 24163 | Orc:2    | Bought a scroll of enchant armour for 105 gold pieces
 24163 | Orc:2    | Bought a scroll of blinking for 105 gold pieces
 24193 | Orc:2    | Found Illib's Antique Armour Emporium.
 24962 | D:13     | Found a frozen archway.
 24971 | IceCv    | Entered an ice cave
 25312 | IceCv    | Reached skill level 13 in Fighting
 25338 | IceCv    | Identified the +4 quarterstaff "Uphanec" {venom, rC+ Dex+4}
 25339 | IceCv    | Identified the +1 morningstar of the Scavenger {flame,
                  | rF+++ Int-3 Dex-5 Stlth+}
 25535 | D:13     | Noticed mhtbhm's ghost (journeyman GrBe)
 25536 | D:13     | Found a runed translucent door.
 25718 | D:13     | Found an opulent altar of Gozag.
 26334 | D:13     | Killed mhtbhm's ghost
 26371 | D:14     | Found a gate to the Vaults.
 26371 | D:14     | Noticed Rupert
 26382 | D:14     | Killed Rupert
 26418 | D:14     | Gained mutation: Your flesh is heat resistant. (rF+)
                  | [demonic ancestry]
 26418 | D:14     | Reached XP level 16. HP: 149/149 MP: 11/16
 27405 | D:15     | Entered Level 15 of the Dungeon
 27473 | D:15     | Reached skill level 10 in Armour
 27661 | D:15     | Noticed Nessos
 27669 | D:15     | Killed Nessos
 28099 | D:15     | Found a staircase to the Depths.
 29188 | Spider:3 | Reached skill level 14 in Fighting
 29563 | Spider:3 | Noticed Azrael
 29592 | Spider:3 | Killed Azrael
 30225 | Spider:4 | Entered Level 4 of the Spider Nest
 30226 | Spider:4 | Noticed Bai Suzhen
 30236 | Spider:4 | Reached XP level 17. HP: 119/159 MP: 17/17
 30261 | Spider:4 | Killed Bai Suzhen
 30409 | Spider:4 | Got a gossamer rune of Zot
 30531 | Swamp:1  | Entered Level 1 of the Swamp
 30818 | Swamp:1  | Noticed Louise
 30872 | Swamp:1  | Killed Louise
 30945 | Swamp:1  | Acquired 1023 gold pieces
 31258 | Swamp:2  | Noticed Nikola
 31265 | Swamp:2  | Killed Nikola
 31266 | Swamp:2  | Reached skill level 15 in Fighting
 31896 | Swamp:4  | Entered Level 4 of the Swamp
 31953 | Swamp:4  | HP: 5/161 [five-headed hydra (15)]
 31957 | Swamp:4  | Slain by a five-headed hydra

Illustrated notes

Levels and vault maps discovered:
D:1:      wander_arrival_lonely_grave, layout_basic
D:2:      layout_basic, minmay_pentomino_x2
D:3:      layout_basic, lemuel_doored_altar, gammafunk_ghost_split
D:4:      layout_rooms, minmay_temple_entry_statues_fountains
D:5:      layout_loops_cross, nicolae_dithmenos_through_a_glass_darkly,
          uniq_blork_the_orc
D:6:      layout_layer_cave
D:7:      kennysheep_housing_project, layout_basic, demons_altar, serial_shops,
          shop
D:8:      layout_basic
D:9:      layout_roguey, enter_bailey_5, minmay_shop_damaged
D:10:     layout_cave_pools, overflow_temple_1_default, serial_shops,
          nicolae_shop_behind_doors
D:11:     layout_gridville, lair_entry_dummy, minmay_hollow_rounded_squares
D:12:     layout_cave_pools, orc_0_dummy, serial_co_window_serial,
          co_window_paths_b, co_window_of_opportunity_a, co_window_corner_a,
          co_window_paths_b, co_window_paths_b, co_window_paths_c,
          co_window_of_opportunity_b, co_window_cross_4, co_window_broadway_a,
          co_window_unsneaky_path_a, co_window_corner_b, co_window_4corner_b,
          glass_columns_a
D:13:     layout_loops_corners, portal_ice_cave_entry_pillars_2,
          hellmonk_ghost_happy_afterlife, minmay_misc_feat_doors,
          nicolae_gozag_cash_rules_everything_around_me
D:14:     layout_basic, david_vaults_3
D:15:     grunt_enter_depths_magical_seal, layout_basic,
          minmay_misc_feat_hallway, uniq_nessos
Lair:1:   layout_roguey
Lair:2:   nzn_winding_woodlands_stair_trap [nzn_winding_woodlands_5x15_crooked,
          nzn_winding_woodlands_5x15_river_crossing,
          nzn_winding_woodlands_5x15_sawtooth,
          nzn_winding_woodlands_15x15_eel_pit,
          nzn_winding_woodlands_5x15_jagged, nzn_winding_woodlands_5x15_zeroes,
          nzn_winding_woodlands_5x15_split_checker], layout_loops_ring,
          columned_hall_lemuel
Lair:3:   cheibrodos_lair_overgrown_chateau, layout_small_grid,
          minmay_swamp_entry_worms, spider_nest_entry_a, grunt_megastairs_2,
          minmay_lair_oklob_chamber, lemuel_fruit_tree
Lair:4:   layout_gridlike
Lair:5:   layout_misc_corridors, slime_altar_1, enter_volcano_3
Lair:6:   evil_forest, layout_concentric_octagons, gauntlet_entry_generic,
          st_stairs_6, serial_bayou_pond_a, serial_bayou_shore_b
Swamp:1:  layout_falls_marsh, evilmike_swamp_ruin_house_5, uniq_louise
Swamp:2:  layout_basic_swamp, evilmike_swamp_ruin_house_4, swamp_pool1,
          uniq_nikola
Swamp:3:  layout_basic_swamp, evilmike_swamp_ruin_rubble_2, uniq_roxanne
Swamp:4:  swamp_icy, layout_basic_swamp
Spider:1: layout_spider_delve, drop_trap
Spider:2: layout_spider_delve
Spider:3: layout_spider_delve, uniq_azrael
Spider:4: grunt_spider_rune_circles, ebering_ghost_xom, guppyfry_hornet_nest,
          hangedman_spider_tarantella_strand, uniq_bai_suzhen
Orc:1:    layout_diamond_mine
Orc:2:    grunt_orc_gardens, layout_caves, grunt_orc_garden, grunt_orc_garden,
          grunt_orc_garden, grunt_orc_garden, serial_shops, shop, uniq_donald

Skill      XL: |  1  2  3  4  5  6  7  8  9 10 11 12 13 14 15 16 17 |
---------------+----------------------------------------------------+-----
Fighting       | 2 3 5 6 8 9 11 12 13 14 15 | 15.1
Maces & Flails | 2 5 6 9 11 | 11.5
Dodging        | 1 4 5 7 9 10 11 12 13 | 13.4
Armour         | 2 4 6 9 11 13 | 13.5
Shields        | 1 3 5 7 9 10 11 | 11.8
Evocations     | 5 7 8 10 11 12 13 14 | 14.2
Stealth        | |  0.8

Action                   |  1- 3 |  4- 6 |  7- 9 | 10-12 | 13-15 | 16-18 || total
-------------------------+-------+-------+-------+-------+-------+-------++-------
Melee: Flail             |    88 |    55 |       |       |       |       ||   143
       Morningstar       |       |    69 |   276 |   630 |  1391 |   683 ||  3049
Throw: Stone             |    38 |    35 |     7 |     3 |       |       ||    83
       Boomerang         |       |       |    23 |    85 |    44 |    13 ||   165
Invok: Curse Item        |       |     1 |     4 |     2 |     4 |       ||    11
       Shatter the Chain |       |       |       |     1 |     2 |       ||     3
Evoke: Wand              |    15 |       |    10 |     7 |    12 |    15 ||    59
       Condenser vane    |       |       |       |       |     1 |     7 ||     8
       Lightning rod     |       |       |       |       |       |    24 ||    24
  Use: Scroll            |     2 |     3 |     1 |     2 |     4 |     4 ||    16
       Potion            |       |     1 |     8 |     1 |     2 |     3 ||    15
 Stab: Sleeping          |       |       |     2 |     1 |     8 |     1 ||    12
       Paralysed         |       |       |     9 |       |       |     3 ||    12
       Petrified         |       |       |       |     4 |       |       ||     4
       Distracted        |       |       |       |       |     1 |     1 ||     2
Armor: Ring mail         |    51 |    43 |       |       |       |       ||    94
       Quicksilver drago |       |    37 |   185 |   181 |   290 |   289 ||   982
Dodge: Dodged            |    42 |    61 |   135 |   267 |   885 |   737 ||  2127
Block: Kite shield       |       |       |    67 |   323 |   999 |   713 ||  2102

Table legend: (Time is in decaauts)
 A = Elapsed time spent in this place.
 B = Non-inter-level travel time spent in this place.
 C = Inter-level travel time spent in this place.
 D = Time resting spent in this place.
 E = Time spent auto-exploring this place.
 F = Levels seen in this place.
 G = Mean time per level.
                   A        B        C        D        E       F      G
               +--------+--------+--------+--------+--------+-----+--------+
         Total |  31687 |  29783 |   1904 |   3594 |  19181 |  34 |  932.0 |
       Dungeon |  16530 |  16016 |    514 |   1301 |  11882 |  15 | 1102.0 |
          Lair |   7312 |   6636 |    676 |    401 |   4255 |   6 | 1218.7 |
         Swamp |   1142 |   1032 |    110 |    140 |    628 |   4 |  285.5 |
   Spider Nest |   2909 |   2514 |    395 |    335 |   1444 |   4 |  727.2 |
  Orcish Mines |   2156 |   1948 |    208 |    618 |    729 |   2 | 1078.0 |
      Ice Cave |    405 |    405 |      0 |     11 |     99 |   1 |  405.0 |
       Volcano |    496 |    496 |      0 |    363 |     14 |   1 |  496.0 |
      Gauntlet |    733 |    733 |      0 |    425 |    128 |   1 |  733.0 |
               +--------+--------+--------+--------+--------+-----+--------+

Top non-repeatable levels by time:
     D:7: 1827 daAuts
  Lair:3: 1712 daAuts
    D:11: 1638 daAuts
  Lair:2: 1614 daAuts
     D:3: 1528 daAuts
  Lair:6: 1411 daAuts
   Orc:1: 1350 daAuts
     D:6: 1308 daAuts
     D:1: 1299 daAuts
     D:9: 1193 daAuts
  Lair:1: 1148 daAuts
Spider:1: 1147 daAuts
    D:13: 1008 daAuts
    D:14: 996 daAuts
    D:15: 973 daAuts
